 Dungeon Crawl Stone Soup version 0.24.0-123-gd5b16e6ec5 (webtiles) character file.

Game seed: 2565785039974425984, levelgen mode: deterministic

12332 Amplified the Fighter (level 11, -6/104 HPs)
             Began as a Ghoul Chaos Knight on Dec 25, 2019.
             Was a Plaything of Xom.
             Killed from afar by an ice dragon (23 damage)
             ... with a blast of cold
             ... in an ice cave.
             The game lasted 00:22:28 (10650 turns).

Amplified the Fighter (Ghoul Chaos Knight)         Turns: 10650, Time: 00:22:29

Health: -6/104     AC: 15    Str: 19    XL:     11   Next: 91%
Magic:  10/10      EV: 15    Int:  8    God:    Xom [.....*]
Gold:   1089       SH:  0    Dex:  8    Spells: 9/10 levels left

rFire    . . .     SeeInvis +   a - +3 hand axe (venom)
rCold    + . .     Gourm    .   (no shield)
rNeg     + + +     Faith    +   B - +2 scale mail {rN+}
rPois    ∞         Spirit   .   y - +2 hat
rElec    .         Reflect  .   e - +1 cloak {rPois}
rCorr    .         Harm     .   (no gloves)
MR       .....                  p - +0 pair of boots
Stlth    ..........             k - amulet of faith
HPRegen  0.00/turn              i - ring of see invisible
MPRegen  0.12/turn              t - +3 ring of evasion

@: about to teleport, rotting
A: rotting body, claws 1, carnivore, cold resistance 1, negative energy
resistance 3, inhibited regeneration, torment resistance, unbreathing
a: Renounce Religion


You were in an ice cave.
You worshipped Xom.
You were Xom's teddy bear.
You were not hungry.

You visited 4 branches of the dungeon, and saw 16 of its levels.
You also visited: Sewer, Bailey and Ice Cave.

You collected 1089 gold pieces.

Inventory:

Hand Weapons
 a - a +3 hand axe of venom (weapon)
 d - the +6 hand crossbow "Egyosugu" {flame, *Slow rF+ Dex+5}
   (You found it in a bailey)

   It causes projectiles fired from it to burn those they strike, causing extra
   injury to most foes and up to half again as much damage against particularly
   susceptible opponents.
   It affects your dexterity (+5).
   It protects you from fire.
   It may slow you when you take damage.
 l - a +1 whip of venom
 F - a +4 morningstar of freezing
Missiles
 o - 9 javelins
 r - 4 silver javelins
 u - a throwing net
 x - 75 poisoned darts (quivered)
Armour
 e - a +1 cloak of poison resistance (worn)
 f - the +1 scale mail of Context {MR+}
   (You found it on level 4 of the Dungeon)

   It affects your resistance to hostile enchantments.
 p - a +0 pair of boots (worn)
 q - a +3 chain mail of poison resistance
 y - a +2 hat (worn)
 B - a +2 scale mail of positive energy (worn)
Jewellery
 i - a ring of see invisible (left claw)
 k - an amulet of faith (around neck)
 m - an uncursed amulet of harm {unknown}
 n - an uncursed ring of wizardry {unknown}
 t - a +3 ring of evasion (right claw)
 w - an uncursed ring of positive energy {unknown}
 A - an uncursed amulet of regeneration {unknown}
Wands
 j - a wand of flame (34)
 D - a wand of disintegration (13)
 G - a wand of random effects (36)
Scrolls
 h - 2 scrolls of amnesia
 C - a scroll of teleportation
 E - 4 scrolls of identify
Potions
 b - a potion of magic
 g - a potion of mutation
 s - 2 potions of flight
 v - a potion of ambrosia
 z - a potion of lignification
Comestibles
 c - 24 rations


   Skills:
 * Level 12.1 Fighting
 - Level 4.2(7.3) Axes
 * Level 9.4(9.8) Maces & Flails
 - Level 6.9 Armour
 - Level 6.6 Dodging
 * Level 2.3 Hexes


You had 9 spell levels left.
You knew the following spells:

 Your Spells              Type           Power        Failure   Level  Hunger
a - Confusing Touch       Hex            #.....       41%         1    ##.....

Your spell library contained the following spells:

 Spells                   Type           Power        Failure   Level  Hunger
 Ensorcelled Hibernation  Hex/Ice        #.....       73%         2    ###....
 Animate Skeleton         Necr           N/A          75%         1    ##.....
 Apportation              Tloc           #.....       75%         1    ##.....
 Magic Dart               Conj           #...         75%         1    ##.....
 Summon Small Mammal      Summ           #...         75%         1    ##.....
 Searing Ray              Conj           #.....       87%         2    ###....
 Dazzling Spray           Conj/Hex       #.....       91%         3    ####...
 Force Lance              Conj/Tloc      #.......     100%        4    #####..
 Fulminant Prism          Conj/Hex       #.........   100%        4    #####..
 Iskenderun's Mystic Bla  Conj           #.......     100%        4    #####..
 Borgnjor's Vile Clutch   Necr/Erth      #.........   100%        5    ######.
 Silence                  Hex/Air        #.........   100%        5    ######.
 Darkness                 Hex            #.........   100%        6    #######
 Shadow Creatures         Summ           N/A          100%        6    #######


Dungeon Overview and Level Annotations

Branches:
Dungeon (12/15)            Temple (1/1) D:6            Lair (1/6) D:9
    Orc (2/2) D:9             Elf (0/3) Orc:2         Sewer (visited)
 Bailey (visited)           IceCv (1/1)

Altars:
Ashenzari
Cheibriados
Dithmenos
Elyvilon
Fedhas
Gozag
Hepliaklqana
Kikubaaqudgha
Makhleb
Nemelex Xobeh
Okawaru
Qazlal
Ru
Sif Muna
Trog
Uskayaw
Vehumet
Wu Jian
Xom
Yredelemnul
Zin
The Shining One

Annotations:
D:6 3 runed translucent doors, tamionv's ghost, novice GrFi
D:9 2 transporters
Orc:1 3 runed translucent doors, dongers's ghost, journeyman MiBe IceCv exclusion: ice statue


Innate Abilities, Weirdness & Mutations

Your body is rotting away.
You thrive on raw meat.
You are immune to poison.
You have sharp fingernails.
You are carnivorous and can eat meat at any time.
Your flesh is cold resistant. (rC+)
You are immune to negative energy. (rN+++)
You do not regenerate when monsters are visible.
You are immune to unholy pain and torment.
You can survive without breathing.


Message History

m - a dented soapstone amulet
There are no items here.
Press: ? - help, v - describe, . - travel, g - get item A dented jade amulet.
The floor.
Press: ? - help, v - describe, . - travel, g - get item A scratched diamond ring.
The floor.
n - a scratched diamond ring
There are no items here.
You see here a twisted brass ring.
w - a twisted brass ring
A - a dented jade amulet
There are no items here.
As you read the scroll of teleportation, it crumbles to dust.
You feel strangely unstable. The ice dragon breathes frost at you.
The blast of cold hits you!! You resist.
You die...
Xom giggles madly!

###≈≈#.#####
#≈≈≈≈≈≈≈≈≈≈##≈
##≈≈≈≈≈≈≈≈≈≈≈≈
##≈≈≈≈≈≈≈≈≈≈≈
#.#≈######### ##
#..##$$$$$$$####.##
##D.=$..$$$$$$#....
#.$=.....$$$$##.##.
##@=......$$###..
###......### ##..
###.....# ..#
####......####
########


You could see an ice dragon.

Vanquished Creatures
  Nessos (Orc:2)
  2 two-headed ogres
  A black mamba (Lair:1)
  A rime drake (IceCv)
  2 trolls
  A hippogriff (D:8)
  2 wyverns
  A basilisk (Lair:1)
  A hungry ghost (D:7)
  2 wargs
  Duvessa (D:4)
  A water moccasin (D:8)
  A sky beast (D:10)
  5 orc warriors
  6 ice beasts (IceCv)
  3 phantoms
  3 black bears
  A necrophage (D:10)
  7 ogres
  5 centaurs
  3 big kobolds
  4 bullfrogs
  A wyvern skeleton (D:10)
  2 scorpions
  11 killer bees
  12 wights
  An electric eel (Bailey)
  2 centaur zombies
  3 crimson imps
  4 howler monkeys
  A bullfrog zombie (D:7)
  2 bullfrog skeletons
  2 centaur skeletons
  A gnoll shaman (D:9)
  3 hounds
  2 jellies (D:6)
  5 orc priests
  Jessica (D:3)
  An iguana (D:7)
  11 orc wizards
  10 worker ants
  2 hound skeletons
  5 worker ant zombies
  8 gnolls
  10 adders
  2 river rats (Sewer)
  3 shadow imps
  2 oozes
  An adder skeleton (D:5)
  2 adder zombies
  4 worms
  3 dart slugs
  2 leopard geckos
  31 orcs
  6 ball pythons
  6 giant cockroaches
  8 goblins
  11 hobgoblins
  5 jackals
  5 bats
  9 frilled lizards
  18 kobolds
  A quokka zombie (D:6)
  9 rats
282 creatures vanquished.

Vanquished Creatures (collateral kills)
  A two-headed ogre (D:11)
  A manticore (D:11)
  A gargoyle (D:10)
  An ice beast (D:10)
  A crocodile (D:10)
  A bullfrog (D:10)
  Dowan (D:4)
  3 killer bees (D:10)
  An orc wizard (D:10)
  A worker ant (D:10)
  An ooze (D:4)
  An adder skeleton (D:10)
  An orc (D:10)
  A quokka (D:10)
16 creatures vanquished.

Vanquished Creatures (others)
  A two-headed ogre (D:8)
  A dancing weapon (D:10)
  An adder (D:5)
  An orc (D:10)
  4 kobolds (D:10)
8 creatures vanquished.

Grand Total: 306 creatures vanquished

Notes
Turn   | Place    | Note
-------+----------+-------------------------------------------
     0 | D:1      | Amplified the Ghoul Chaos Knight began the quest for the
                  | Orb.
     0 | D:1      | Reached XP level 1. HP: 19/19 MP: 0/0
    93 | D:1      | Reached skill level 1 in Dodging
   141 | D:1      | Reached XP level 2. HP: 23/26 MP: 1/1
   267 | D:1      | XOM: harmless Tmut miscast
   298 | D:1      | XOM: harmless Ice miscast
   422 | D:1      | Reached XP level 3. HP: 31/33 MP: 2/2
   443 | D:1      | XOM is BORED!
   443 | D:1      | XOM: medium Conj miscast
  1054 | D:1      | XOM: harmless Air miscast
  1124 | D:2      | Found a sacrificial altar of Ru.
  1150 | D:2      | You fall into a shaft and drop 2 floors!
  1150 | D:4      | Noticed Dowan
  1169 | D:4      | Got a jewelled scale mail
  1193 | D:4      | Identified the cursed +1 scale mail of Context {MR+} (You
                  | found it on level 4 of the Dungeon)
  1207 | D:4      | Noticed Duvessa
  1213 | D:4      | XOM: divination: detect items
  1242 | D:3      | XOM: god gift: 48 gold pieces
  1329 | D:4      | Reached skill level 4 in Fighting
  1501 | D:4      | Reached XP level 4. HP: 39/40 MP: 3/3
  1514 | D:4      | XOM: summons friendly white imp
  1529 | D:4      | Noticed an ogre
  1531 | D:4      | XOM: divination: magic mapping
  1538 | D:4      | XOM: divination: magic mapping
  1539 | D:4      | XOM: confuse monster(s)
  1541 | D:4      | Killed an ogre
  1541 | D:4      | Reached XP level 5. HP: 37/47 MP: 4/4
  1633 | D:4      | XOM: destruction
  1639 | D:4      | Killed Duvessa
  1639 | D:4      | Reached skill level 5 in Fighting
  1639 | D:4      | Reached XP level 6. HP: 32/56 MP: 5/5
  1641 | D:4      | XOM: cast spell 'Summon Mana Viper'
  1646 | D:4      | Killed Dowan
  1993 | D:3      | XOM: harmless Tloc miscast
  2072 | D:3      | XOM: cleaving
  2075 | D:3      | Noticed Jessica
  2096 | D:3      | Killed Jessica
  2106 | D:3      | XOM: 4-stop teleportation journey
  2194 | D:3      | XOM: summons 1 hostile shadow creature
  2253 | D:3      | XOM: stat loss: -1 Dex (7/8)
  2430 | D:2      | XOM: god gift: 5 javelins
  2818 | D:2      | XOM: god gift: 32 gold pieces
  2865 | D:2      | XOM: god gift: 23 gold pieces
  2916 | D:2      | XOM: divination: detect creatures
  2940 | D:2      | Found a burning altar of Makhleb.
  3183 | D:5      | Entered Level 5 of the Dungeon
  3204 | D:5      | Reached XP level 7. HP: 60/61 MP: 6/6
  3219 | D:5      | XOM: destruction
  3272 | D:5      | Found a glowing drain.
  3299 | Sewer    | Entered a sewer
  3386 | Sewer    | XOM: god gift: book of Dreams
  3517 | Sewer    | XOM: scenery: create altars
  3580 | Sewer    | Noticed a warg
  3580 | Sewer    | a big kobold changed into a warg
  3580 | Sewer    | XOM: polymorph big kobold -> warg
  3597 | Sewer    | Killed a warg
  3597 | Sewer    | Reached skill level 6 in Fighting
  3597 | Sewer    | Reached skill level 5 in Maces & Flails
  3712 | D:5      | XOM: confuse monster(s)
  3862 | D:5      | Reached XP level 8. HP: 71/71 MP: 7/7
  3950 | D:5      | XOM: summons 5 friendly demons
  4246 | D:6      | XOM: divination: magic mapping
  4249 | D:6      | XOM: blink monster(s)
  4252 | D:6      | XOM: noise
  4266 | D:6      | Reached skill level 7 in Fighting
  4295 | D:6      | XOM: fog
  4314 | D:6      | XOM: divination: magic mapping
  4315 | D:6      | XOM: cast spell 'Disjunction'
  4373 | D:6      | Found a staircase to the Ecumenical Temple.
  4401 | Temple   | Entered the Ecumenical Temple
  4410 | Temple   | XOM: divination: detect items
  4544 | D:6      | XOM: confuse monster(s)
  4573 | D:6      | Reached XP level 9. HP: 53/81 MP: 8/8
  4593 | D:6      | Found a bloodstained altar of Trog.
  4753 | D:6      | XOM: harmless Summ miscast
  4821 | D:6      | XOM: cloud trail
  4835 | D:6      | XOM: silly message
  4836 | D:6      | Reached skill level 8 in Fighting
  4848 | D:6      | XOM: medium Necr miscast
  4856 | D:6      | XOM: severe Tloc miscast
  4877 | D:6      | Found a runed translucent gate.
  4877 | D:6      | Found a runed translucent gate.
  4878 | D:6      | Found a runed translucent gate.
  4881 | D:6      | XOM: harmless Tmut miscast
  4881 | D:6      | Noticed tamionv's ghost (novice GrFi)
  4958 | D:6      | XOM: harmless Summ miscast
  5013 | D:6      | XOM: mild Conj miscast
  5044 | D:6      | XOM: harmless Chrm miscast
  5176 | D:7      | Found a shattered altar of Ashenzari.
  5190 | D:7      | Noticed a +3 hand axe
  5191 | D:7      | Found a hide-covered altar of Uskayaw.
  5191 | D:7      | Noticed a +0 dagger
  5293 | D:7      | Found a flagged portal.
  5319 | Bailey   | Entered a bailey
  5346 | Bailey   | Reached skill level 1 in Axes
  5519 | Bailey   | Found an iron altar of Okawaru.
  5519 | Bailey   | Noticed a kobold demonologist
  5519 | Bailey   | Noticed an orc high priest
  5520 | Bailey   | Noticed a sixfirhy
  5520 | Bailey   | Noticed a soul eater
  5520 | Bailey   | Noticed an ice devil
  5524 | Bailey   | XOM: summons friendly white imp
  5531 | Bailey   | XOM: divination: magic mapping
  5534 | Bailey   | XOM: confuse monster(s)
  5539 | Bailey   | Got a pitted hand crossbow
  5600 | Bailey   | Identified the +6 hand crossbow "Egyosugu" {flame, *Slow
                  | rF+ Dex+5} (You found it in a bailey)
  5661 | Bailey   | XOM: noise
  5773 | D:7      | XOM: enchant monster (bad)
  5815 | D:7      | Found a hazy altar of Hepliaklqana.
  5816 | D:7      | Found a blossoming altar of Fedhas.
  5816 | D:7      | Found a bloodstained altar of Trog.
  5906 | D:7      | XOM: 9-stop teleportation journey
  6043 | D:7      | Reached skill level 5 in Armour
  6043 | D:7      | XOM: summons friendly crimson imp
  6054 | D:7      | Reached skill level 9 in Fighting
  6060 | D:7      | Found a shimmering blue altar of Sif Muna.
  6118 | D:7      | XOM: scenery: create altars
  6183 | D:7      | Found a shadowy altar of Dithmenos.
  6184 | D:7      | Found a shimmering altar of Xom.
  6414 | D:8      | XOM: summons 3 friendly demons
  6417 | D:8      | Reached skill level 5 in Dodging
  6559 | D:8      | XOM: scenery: create altars
  6584 | D:8      | Noticed a two-headed ogre
  6591 | D:8      | XOM: confuse monster(s)
  6604 | D:8      | XOM: harmless Necr miscast
  6606 | D:8      | XOM: noise
  6607 | D:8      | XOM: stat loss: -1 Str (17/18)
  6611 | D:8      | XOM: repel stairs
  6613 | D:8      | XOM: medium Air miscast
  6613 | D:8      | Killed a two-headed ogre
  6613 | D:8      | Reached XP level 10. HP: 75/92 MP: 9/9
  6685 | D:8      | Found a sparkling altar of Nemelex Xobeh.
  6700 | D:8      | XOM: 1-stop teleportation journey
  6742 | D:8      | XOM: enchant monster (bad)
  6747 | D:8      | XOM: confuse monster(s)
  6957 | D:8      | Reached skill level 10 in Fighting
  7136 | D:8      | XOM: god gift: quarterstaff {god gift}
  7323 | D:9      | Found a transporter.
  7323 | D:9      | XOM: 1-stop teleportation journey
  7324 | D:9      | Noticed a skeletal warrior
  7343 | D:9      | XOM: summons friendly white imp
  7480 | D:9      | Found a staircase to the Orcish Mines.
  7720 | D:9      | Found a staircase to the Lair.
  7736 | D:9      | XOM: mild Conj miscast
  7791 | D:9      | XOM: swap monsters
  7819 | D:9      | Found a basalt altar of Yredelemnul.
  7823 | D:9      | Noticed a death knight
  7829 | D:9      | Found an ancient bone altar of Kikubaaqudgha.
  7832 | D:9      | Found a transporter.
  7923 | D:9      | XOM: harmless Pois miscast
  7995 | D:9      | XOM: enchant monster (good)
  8031 | D:9      | XOM: scenery: create altars
  8128 | D:10     | Entered Level 10 of the Dungeon
  8137 | D:10     | XOM: destruction
  8147 | D:10     | XOM: summons friendly crimson imp
  8247 | D:10     | Noticed a two-headed ogre
  8261 | D:10     | Killed a two-headed ogre
  8261 | D:10     | Reached XP level 11. HP: 67/101 MP: 10/10
  8360 | D:10     | XOM: god gift: potion of curing
  8410 | D:10     | Reached skill level 11 in Fighting
  8451 | D:10     | XOM: smoke on damage
  8482 | D:10     | XOM: god gift: runed dire flail {god gift}
  8544 | D:10     | You fall into a shaft and drop 1 floor!
  8560 | D:11     | XOM: potion effect (curing)
  8710 | D:11     | Noticed a manticore
  8714 | D:11     | XOM: god gift: phantom mirror
  8722 | D:11     | Noticed a two-headed ogre
  8732 | D:11     | Killed a two-headed ogre
  8735 | D:11     | Killed a manticore
  8780 | D:11     | Noticed a two-headed ogre
  8788 | D:11     | Killed a two-headed ogre
  9214 | D:11     | XOM: god gift: crooked iron wand {god gift}
  9342 | D:12     | Noticed a white ugly thing
  9385 | Lair:1   | Entered Level 1 of the Lair of Beasts
  9416 | Lair:1   | Learned a level 1 spell: Confusing Touch
  9434 | Lair:1   | XOM: enchant monster (good)
  9435 | Lair:1   | XOM: cast spell 'Discord'
  9444 | Lair:1   | Xom revived you
  9445 | Lair:1   | HP: 3/103 [black mamba (15)]
  9532 | Lair:1   | XOM: harmless Fire miscast
  9583 | Lair:1   | XOM: harmless Tloc miscast
  9618 | Lair:1   | XOM: summons 5 hostile demons
  9673 | D:9      | XOM: stat loss: -1 Int (7/8)
  9853 | Orc:1    | Entered Level 1 of the Orcish Mines
  9853 | Orc:1    | Noticed an orc knight
  9855 | Orc:1    | Found a runed translucent gate.
  9855 | Orc:1    | Found a runed translucent gate.
  9855 | Orc:1    | XOM: 1-stop teleportation journey
  9856 | Orc:1    | Found a runed translucent gate.
  9865 | Orc:1    | Noticed dongers's ghost (journeyman MiBe)
  9949 | Orc:2    | Entered Level 2 of the Orcish Mines
  9949 | Orc:2    | Noticed Nessos
  9963 | Orc:2    | Killed Nessos
  9963 | Orc:2    | Reached skill level 1 in Hexes
 10067 | Orc:2    | Found a bloodstained altar of Trog.
 10068 | Orc:2    | Found a staircase to the Elven Halls.
 10158 | Orc:2    | XOM: polymorph orc warrior -> wyvern
 10160 | Orc:2    | XOM: scenery: create altars
 10162 | Orc:2    | XOM: summons friendly crimson imp
 10163 | Orc:2    | XOM: scenery: create altars
 10187 | Orc:2    | Found a frozen archway.
 10196 | IceCv    | Entered an ice cave
 10198 | IceCv    | XOM: summons 3 friendly demons
 10200 | IceCv    | XOM: 9-stop teleportation journey
 10208 | IceCv    | Reached skill level 12 in Fighting
 10239 | IceCv    | XOM: scenery: create altars
 10609 | IceCv    | XOM: god gift: 1430 gold pieces
 10610 | IceCv    | Found the ring of the Mage {Wiz MR++ Int+3}
 10613 | IceCv    | Noticed an ice dragon
 10613 | IceCv    | Noticed an ice dragon
 10628 | IceCv    | XOM: scenery: create altars
 10633 | IceCv    | HP: 5/104 [ice dragon (2)]
 10650 | IceCv    | Killed from afar by an ice dragon

Levels and vault maps discovered:
D:1:      eino_arrival_cavern_a, layout_loops_corners,
          wander_ebering_terrifying_dragon_lair
D:2:      layout_loops_ring, nicolae_overflow_crystal_walls, first_ration,
          nicolae_ru_sacrificial_ziggurat
D:3:      layout_loops_ring, uniq_jessica
D:4:      layout_cave_pools, due_unseen_surprise, uniq_duvessa
D:5:      layout_basic, cheibrodos_sewer_entry_drain
D:6:      layout_basic, temple_statues, gammafunk_ghost_split, st_stairs_6,
          trog_ov_bears_minmay
D:7:      layout_loops_ring, marbit_many_paths, lemuel_crystal_altar,
          chequers_temple_overflow_statue_of_worship,
          gammafunk_temple_overflow_pools, dancing_weapons_uskayaw,
          enter_bailey_2
D:8:      layout_loops_ring, nemelex_xobeh_ov_fountains_minmay,
          hangedman_decor_push
D:9:      layout_basic, gammafunk_temple_of_torment, lair_entry_dummy,
          blue_anna_alchemist [blue_anna_fruit_fields, blue_anna_fruit_fields],
          minmay_misc_feat_square
D:10:     layout_basic
D:11:     layout_roguey, serial_glass, glass_columns_b, glass_columns_c,
          minmay_hedge_maze, hangedman_decor_points, kennysheep_generic_room_2
D:12:     layout_basic, special_room [special_room_orc]
Temple:   zaba_magenta_temple
Lair:1:   layout_layer_cave, uniq_harold
Orc:1:    layout_caves, gammafunk_ghost_necromancy
Orc:2:    grunt_orc_community_town_hall, layout_caves,
          grunt_orc_community_big_house_2, grunt_orc_community_big_house_2,
          grunt_orc_community_house_3, grunt_orc_community_house_3,
          grunt_orc_community_house_3, grunt_orc_community_house_1,
          grunt_orc_community_house_1, grunt_orc_community_house_2,
          gammafunk_ghost_berserking_beasts, basic_altar,
          portal_ice_cave_entry_pillars_1, uniq_nessos
IceCv:    ice_cave_small_dragons

Skill      XL: |  1  2  3  4  5  6  7  8  9 10 11 |
---------------+----------------------------------+-----
Dodging        | 1 2 3 4 5 6 |  6.6
Maces & Flails | 3 4 5 6 8 9 |  9.4
Armour         | 2 3 4 5 6 |  6.9
Fighting       | 4 5 6 7 9 10 12 | 12.1
Axes           | 4 |  4.2
Hexes          | 2 |  2.3

Action                   |  1- 3 |  4- 6 |  7- 9 | 10-12 || total
-------------------------+-------+-------+-------+-------++-------
Melee: Mace              |   120 |    13 |       |       ||   133
       Whip              |       |   184 |   323 |       ||   507
       Hand axe          |       |       |   170 |    60 ||   230
       Morningstar       |       |       |       |   309 ||   309
Throw: Dart              |       |       |     9 |       ||     9
       Javelin           |       |       |     2 |       ||     2
Evoke: Wand              |       |     5 |    14 |    13 ||    32
       Phantom mirror    |       |       |       |     1 ||     1
  Use: Scroll            |     6 |     8 |    10 |     7 ||    31
       Potion            |     2 |       |     8 |     8 ||    18
 Stab: Confused          |       |       |     1 |       ||     1
  Eat: Chunk             |     3 |     7 |    11 |    36 ||    57
       Ration            |       |       |       |     1 ||     1
Armor: Leather armour    |    34 |       |       |       ||    34
       Scale mail        |    10 |    72 |   151 |    90 ||   323
       Chain mail        |       |       |    47 |   114 ||   161
Dodge: Dodged            |    72 |    80 |   224 |   281 ||   657
